 Dungeon Crawl Stone Soup version 0.20.1-1-g8b1a95d (webtiles) character file.

13503 vomix the Severer (level 11, -6/82 HPs)
             Began as a Minotaur Berserker on Aug 9, 2017.
             Was an Elder of Trog.
             Killed from afar by an ice statue (17 damage)
             ... with a freezing blast
             ... in an ice cave.
             The game lasted 00:26:25 (11183 turns).

vomix the Severer (Minotaur Berserker)             Turns: 11183, Time: 00:26:25

Health: -6/82      AC: 12    Str: 27    XL:     11   Next: 76%
Magic:  10/10      EV: 12    Int:  6    God:    Trog [****..]
Gold:   499        SH:  0    Dex: 18    Spells: 10/10 levels left

rFire    . . .     SeeInvis .   a - +5 battleaxe of the First Beds {flame, MR+ Int+2}
rCold    . . .     Gourm    .   (shield currently unavailable)
rNeg     . . .     Faith    .   y - +4 ring mail "Usel" {Str+5 Stlth+}
rPois    +         Spirit   .   (helmet restricted)
rElec    .         Reflect  .   (no cloak)
rCorr    .         Harm     .   (no gloves)
MR       +++..                  N - +2 pair of boots
Stlth    ++........             (no amulet)
Regen    1.3/turn               x - +5 ring of dexterity
MPRegen  0.2/turn               R - ring of poison resistance

@: berserk cooldown, regenerating, slowed, very slow
A: retaliatory headbutt, horns 2
a: Berserk, Trog's Hand, Brothers in Arms, Burn Spellbooks, Renounce Religion


You were in an ice cave.
You worshipped Trog.
Trog was greatly pleased with you.
You were hungry.

You visited 3 branches of the dungeon, and saw 14 of its levels.
You also visited: Ice Cave.

You collected 525 gold pieces.
You spent 26 gold pieces at shops.

Inventory:

Hand Weapons
 a - the +5 battleaxe of the First Beds (weapon) {flame, MR+ Int+2}
   (You found it on level 8 of the Dungeon)

   It has been specially enchanted to burn those struck by it, causing extra
   injury to most foes and up to half again as much damage against particularly
   susceptible opponents.
   Big, fiery blades are also staple armaments of hydra-hunters.
   It affects your intelligence (+2).
   It affects your resistance to hostile enchantments.
 b - a +0 blowgun
Missiles
 l - 2 curare-tipped needles
 r - 67 poisoned needles
Armour
 y - the +4 ring mail "Usel" (worn) {Str+5 Stlth+}
   (You found it on level 6 of the Dungeon)

   It affects your strength (+5).
   It makes you more stealthy.
 N - a +2 pair of boots (worn)
Jewellery
 u - an uncursed ring of resist corrosion
 x - a +5 ring of dexterity (left hand)
 F - an uncursed ring of positive energy
 R - a ring of poison resistance (right hand)
Wands
 z - a wand of polymorph (11/24)
 H - a wand of random effects (31/48)
 I - a wand of lightning (5/15)
 L - a wand of confusion (27/48)
Scrolls
 e - 10 scrolls of teleportation
 f - a scroll of fear {unknown}
 m - a scroll of blinking {unknown}
 n - 3 scrolls of magic mapping
 o - a scroll of fog {unknown}
 q - 2 scrolls of enchant weapon {unknown}
 s - 2 scrolls of noise {unknown}
 C - a scroll of random uselessness {unknown}
 D - 2 scrolls of remove curse
 G - a scroll of enchant armour {unknown}
 O - 2 scrolls of amnesia {unknown}
 P - a scroll of torment {unknown}
Potions
 d - 5 potions of agility
 g - 2 potions of heal wounds
 i - 4 potions of curing
 j - 2 potions of flight
 t - 4 potions of might
 A - a potion of resistance
 B - 2 potions of haste
 E - a potion of ambrosia
 J - 2 potions of lignification
Miscellaneous
 K - a phial of floods
Comestibles
 c - 13 bread rations
 h - 6 meat rations
 k - 3 royal jellies
 v - 7 fruits


   Skills:
 - Level 3.6 Fighting
 + Level 20.6 Axes
 - Level 2.4 Armour
 - Level 2.1 Dodging


You had 10 spell levels left.
You didn't know any spells.

Dungeon Overview and Level Annotations

Branches:
Dungeon (10/15)            Temple (1/1) D:7            Lair (3/6) D:8
  Snake (0/4) Lair:3
  Swamp: Lair:2-4    Shoals: Lair:2-4       Orc: D:9-12

Altars:
Ashenzari
Cheibriados
Dithmenos
Elyvilon
Fedhas
Gozag
Hepliaklqana
Kikubaaqudgha
Makhleb
Nemelex Xobeh
Okawaru
Qazlal
Ru
Sif Muna
Trog
Uskayaw
Vehumet
Xom
Yredelemnul
Zin
The Shining One

Shops:
D:6 *   D:7 [

Annotations:
IceCv exclusion: ice statue


Innate Abilities, Weirdness & Mutations

You reflexively headbutt those who attack you in melee.
You have a pair of horns on your head.


Message History

You are engulfed in freezing vapours.
* * * LOW HITPOINT WARNING * * *
The ice beast hits you.
* * * LOW HITPOINT WARNING * * *
The ice beast freezes you!
* * * LOW HITPOINT WARNING * * *
The ice beast hits you but does no damage.
The ice statue gestures.
The white ugly thing gurgles horribly!
You slice the ice statue!!
You melt the ice statue!
The ice statue is moderately damaged.
You slash the ice beast!
You melt the ice beast!
The ice beast barely misses you. You furiously retaliate!
You headbutt the ice beast!
You kill the ice beast!
You hit the ice statue.
You melt the ice statue.
The ice statue is heavily damaged.
The ice statue gestures at you. The freezing blast engulfs you!
You die...

############# ## #
##....!#.....## .[!
###...../#......## ....
.#.......#.......# .....
.#.......#...§§..#......
.............§..@8Y.....
.#.......#....§..#......
.#.......#.......# ..u..
###.....[#......## ....
# ##..[.(#.....## .$$
############# ##


You could see an ice statue, a white ugly thing and an ice beast.

Vanquished Creatures
  The ghost of gobwax the Peltast, a journeyman MiFi of Okawaru (IceCv)
  2 two-headed ogres (D:8)
  Nergalle (D:10)
  Pikel (D:8)
  An ugly thing (IceCv)
  2 ice statues (IceCv)
  A black mamba (Lair:2)
  Psyche (D:8)
  A guardian serpent (shapeshifter) (D:10)
  A spiny frog (Lair:2)
  4 komodo dragons
  2 ice devils (Lair:3)
  5 blink frogs (Lair:3)
  2 hippogriffs
  4 wraiths (D:8)
  A hungry ghost (D:10)
  2 water moccasins (Lair:1)
  7 ice beasts
  4 slaves (D:8)
  3 orc warriors
  2 hell hounds (D:8)
  2 phantoms
  A necrophage (D:7)
  4 wolves (Lair:1)
  4 ogres
  2 centaurs
  8 bullfrogs
  A wyvern zombie (D:9)
  2 scorpions
  5 killer bees (D:10)
  An electric eel (D:9)
  A bullfrog zombie (D:5)
  A centaur zombie (D:10)
  5 crimson imps
  3 jellies
  5 orc priests
  2 hounds
  A gnoll shaman (D:10)
  4 orc wizards
  A bullfrog skeleton (D:4)
  An iguana (D:10)
  Natasha (thrice) (D:2)
  5 worker ants
  A worker ant zombie (D:6)
  11 gnolls
  7 adders
  A shadow imp (D:10)
  An ooze (D:1)
  3 adder skeletons
  An adder zombie (D:2)
  4 worms
  2 dart slugs
  5 leopard geckos
  23 orcs
  8 bats
  A bat skeleton (D:2)
  4 giant cockroaches (D:1)
  8 hobgoblins
  7 jackals (D:8)
  4 quokkas
  3 ball pythons
  7 frilled lizards
  3 giant cockroach zombies (D:2)
  7 goblins
  11 kobolds
  A leopard gecko skeleton (D:2)
  A quokka skeleton (D:7)
  4 rats
  A fungus (Lair:1)
239 creatures vanquished.

Vanquished Creatures (others)
  2 orcs (D:9)
2 creatures vanquished.

Grand Total: 241 creatures vanquished

Notes
Turn   | Place    | Note
-------+----------+-------------------------------------------
     0 | D:1      | vomix the Minotaur Berserker began the quest for the Orb.
     0 | D:1      | Reached XP level 1. HP: 19/19 MP: 0/0
    64 | D:1      | Reached skill level 4 in Axes
    79 | D:1      | Reached XP level 2. HP: 20/26 MP: 1/1
   406 | D:1      | Reached skill level 5 in Axes
   409 | D:1      | Reached XP level 3. HP: 18/31 MP: 2/2
   879 | D:2      | Found a sacrificial altar of Ru.
   880 | D:2      | Noticed Natasha
   888 | D:2      | Killed Natasha
   888 | D:2      | Reached ** piety under Trog
   952 | D:2      | Reached XP level 4. HP: 39/39 MP: 3/3
   969 | D:2      | Noticed Natasha
   974 | D:2      | Reached skill level 6 in Axes
   978 | D:2      | Killed Natasha
   989 | D:2      | Noticed Natasha
   993 | D:2      | Killed Natasha
  1141 | D:2      | Reached XP level 5. HP: 45/45 MP: 4/4
  1205 | D:2      | Reached skill level 7 in Axes
  1715 | D:3      | Reached *** piety under Trog
  2069 | D:3      | Found a deep blue altar of Sif Muna.
  2232 | D:3      | Reached skill level 8 in Axes
  2484 | D:4      | Reached XP level 6. HP: 45/51 MP: 5/5
  3002 | D:4      | Found a sparkling altar of Nemelex Xobeh.
  3235 | D:4      | Reached skill level 9 in Axes
  3352 | D:4      | Found an iron altar of Okawaru.
  3552 | D:5      | Entered Level 5 of the Dungeon
  3699 | D:5      | Reached XP level 7. HP: 50/57 MP: 6/6
  3813 | D:5      | Reached skill level 10 in Axes
  4511 | D:6      | Reached skill level 11 in Axes
  4718 | D:6      | Reached XP level 8. HP: 50/64 MP: 7/7
  4870 | D:6      | Reached **** piety under Trog
  4930 | D:6      | Reached skill level 12 in Axes
  5015 | D:6      | Got a steaming ring mail
  5259 | D:6      | Found Iamusuk's Incredible Inventory.
  5277 | D:6      | Bought a scroll of identify for 26 gold pieces
  5338 | D:6      | Identified the +4 ring mail "Usel" {Str+5 Stlth+} (You found it on level 6 of the Dungeon)
  5383 | D:7      | Noticed a hippogriff
  5398 | D:7      | Killed a hippogriff
  5398 | D:7      | Reached skill level 13 in Axes
  5538 | D:7      | Found a staircase to the Ecumenical Temple.
  5579 | D:7      | Found an ancient bone altar of Kikubaaqudgha.
  5585 | D:7      | Found Minwelav's Antique Armour Shop.
  6028 | Temple   | Entered the Ecumenical Temple
  6215 | D:8      | Reached skill level 14 in Axes
  6215 | D:8      | Reached XP level 9. HP: 70/70 MP: 8/8
  6237 | D:8      | Noticed a two-headed ogre
  6241 | D:8      | Killed a two-headed ogre
  6241 | D:8      | Reached skill level 15 in Axes
  6373 | D:8      | Found a staircase to the Lair.
  6453 | D:8      | Got a scorched battleaxe
  6568 | D:8      | Identified the +5 battleaxe of the First Beds {flame, MR+ Int+2} (You found it on level 8 of the Dungeon)
  6716 | D:8      | Noticed Pikel
  6724 | D:8      | Killed Pikel
  6724 | D:8      | Reached skill level 16 in Axes
  6724 | D:8      | Reached XP level 10. HP: 77/77 MP: 9/9
  6791 | D:8      | Noticed Psyche
  6796 | D:8      | Killed Psyche
  6828 | D:8      | Noticed a two-headed ogre
  6833 | D:8      | Killed a two-headed ogre
  6833 | D:8      | Reached skill level 17 in Axes
  7770 | D:9      | Found a burning altar of Makhleb.
  7914 | D:10     | Entered Level 10 of the Dungeon
  8132 | D:10     | Noticed a guardian serpent
  8135 | D:10     | Killed a guardian serpent
  8275 | D:10     | Noticed Nergalle
  8282 | D:10     | Reached ***** piety under Trog
  8282 | D:10     | Reached skill level 18 in Axes
  8290 | D:10     | Killed Nergalle
  8542 | Lair:1   | Entered Level 1 of the Lair of Beasts
  9093 | Lair:1   | Reached XP level 11. HP: 53/82 MP: 10/10
  9417 | Lair:2   | Got a heavily runed ring mail
  9471 | Lair:2   | Identified the +1 ring mail "Duosef" {rN+ Dex+2} (You found it on level 2 of the Lair of Beasts)
  9652 | Lair:2   | Reached skill level 19 in Axes
 10256 | Lair:3   | Found a frozen archway.
 10375 | IceCv    | Entered an ice cave
 10404 | IceCv    | Noticed a white ugly thing
 10405 | IceCv    | Noticed gobwax's ghost (journeyman MiFi)
 10412 | IceCv    | Killed a white ugly thing
 10412 | IceCv    | Reached skill level 20 in Axes
 10425 | IceCv    | Killed gobwax's ghost
 11181 | IceCv    | Noticed a white ugly thing
 11183 | IceCv    | Killed from afar by an ice statue

Skill      XL: |  1  2  3  4  5  6  7  8  9 10 11 |
---------------+----------------------------------+-----
Axes           | 4 5 6 8 9 11 14 16 18 20 | 20.6
Fighting       | |  3.6
Armour         | |  2.4
Dodging        | |  2.1

Action                   |  1- 3 |  4- 6 |  7- 9 | 10-12 || total
-------------------------+-------+-------+-------+-------++-------
Melee: Hand axe          |    60 |   167 |   158 |       ||   385
       Headbutt          |     9 |    27 |    50 |    45 ||   131
       Scythe            |       |       |    17 |       ||    17
       Battleaxe         |       |       |    11 |   208 ||   219
 Fire: Blowgun           |       |     3 |     5 |       ||     8
Invok: Berserk           |     2 |     4 |     5 |    10 ||    21
       Trog's Hand       |       |     2 |     3 |     9 ||    14
       Burn Spellbooks   |       |       |       |     2 ||     2
  Use: Scroll            |       |       |     4 |    11 ||    15
       Potion            |       |       |       |     1 ||     1
 Stab: Sleeping          |       |       |     2 |     3 ||     5
       Distracted        |       |       |       |     1 ||     1
  Eat: Chunk             |     2 |    12 |    11 |    20 ||    45
       Royal jelly       |       |       |     2 |     4 ||     6
Armor: Animal skin       |     9 |       |       |       ||     9
       Scale mail        |     9 |    26 |       |       ||    35
       Chain mail        |       |    28 |    54 |       ||    82
       Ring mail         |       |       |    14 |    58 ||    72
Dodge: Dodged            |    41 |    73 |    64 |   112 ||   290
